 Dungeon Crawl Stone Soup version 0.29-a0-512-gf59ac788ac (webtiles) character file.

Game seed: 3265120551163125093

609 quokkamancerX the Cleaver (level 7, -2/97 (99) HPs)
             Began as a Hill Orc Berserker on May 29, 2022.
             Was a Priest of Trog.
             Succumbed to an orc's poison
             ... on level 4 of the Dungeon.
             The game lasted 00:11:45 (4350 turns).

quokkamancerX the Cleaver (Hill Orc Berserker)      Turns: 4350, Time: 00:11:46

HP:   -2/97 (99)    AC: 11    Str: 22    XL:     7   Next: 43%
MP:   7/7           EV:  8    Int:  7    God:    Trog [***...]
Gold: 261           SH:  0    Dex: 10    Spells: 6/6 levels left

rFire   . . .      SeeInvis .   b - +2 dagger (venom)
rCold   . . .      Faith    .   (no shield)
rNeg    . . .      Spirit   .   d - +0 chain mail
rPois   .          Reflect  .   (no helmet)
rElec   .          Harm     .   n - +2 cloak
rCorr   +          Rampage  .   (no gloves)
Will    ++...                   (no boots)
Stlth   ..........              (no amulet)
HPRegen 1.26/turn               h - ring of resist corrosion
MPRegen 0.10/turn               (no ring)

@: berserking, lethally poisoned (-2 -> -9), strong-willed, regenerating,
lightly drained, very quick
A: no striking features
a: Renounce Religion, Berserk, Trog's Hand


You were on level 4 of the Dungeon.
You worshipped Trog.
Trog was most pleased with you.
You visited 1 branch of the dungeon, and saw 4 of its levels.

You collected 261 gold pieces.

Inventory:

Hand Weapons
 a - a +0 war axe
 b - a +2 dagger of venom (weapon)
Missiles
 o - 3 poisoned darts (quivered)
 p - 6 boomerangs
Armour
 d - a +0 chain mail (worn)
 n - a +2 cloak (worn)
Jewellery
 h - a ring of resist corrosion (left hand)
Wands
 m - a wand of flame (18)
Scrolls
 g - a scroll of vulnerability
 l - a scroll of blinking
 r - a scroll of torment {unknown}
 s - a scroll of teleportation {unknown}
 W - a scroll of enchant armour
Potions
 c - 5 potions of curing
 e - a potion of resistance
 f - 2 potions of mutation
 j - a potion of cancellation {unknown}
 k - a potion of might {unknown}
 t - 2 potions of berserk rage {unknown}


   Skills:
 + Level 7.5 Fighting
 + Level 8.2 Axes
 - Level 2.1 Armour
 - Level 1.5 Dodging


You had 6 spell levels left.
You didn't know any spells.
Your spell library was empty.

Dungeon Overview and Level Annotations

Branches:
Dungeon (4/15)
 Temple: D:4-7

Altars:
Cheibriados
Beogh


Message History

The orc completely misses you.
The endoplasm hits you but does no damage.
You puncture something!
You feel very sick. The orc closely misses you.
The orc hits you with a +0 flail.
* * * LOW HITPOINT WARNING * * *
Something hits you but does no damage. The endoplasm freezes you.
You are frozen.
* * * LOW HITPOINT WARNING * * *
You puncture something!
You feel the power of Trog in you as your rage grows.
Trog accepts your kill.
Trog appreciates your killing of a magic user.
Reactivating autopickup.
You feel a bit more experienced.
You feel sick.
You puncture the endoplasm!
You kill the endoplasm!
Trog accepts your kill.
You feel sick. The orc hits you but does no damage.
You are lethally poisoned!
The orc hits you but does no damage.
You closely miss the orc.
* * * LOW HITPOINT WARNING * * *
You feel very sick. The orc hits you but does no damage.
You are more poisoned.
The orc hits you but does no damage.
You are too berserk!
You puncture the orc!
You kill the orc!
Trog accepts your kill.
* * * LOW HITPOINT WARNING * * *
You feel very sick.
You puncture the orc!
You kill the orc!
Trog accepts your kill.
* * * LOW HITPOINT WARNING * * *
You feel very sick.
You die...

...#.# ####.###
#.....#### .......######
#........#
...#.#.##....##........#
.....#.##..............#
...#.# ##..............#
...###.##.............
...................#
...#####.......)@..#
...#####.......))).#
####.......#.......#
#.###.#.#.......#
####.###.#.#.......#
.....#...........>.#
####################


There were no monsters in sight!

Vanquished Creatures
  An ice beast (D:3)
  A scorpion (D:4)
  Crazy Yiuf (D:2)
  4 orc priests (D:4)
  4 orc wizards
  4 gnolls (D:3)
  6 adders
  2 worms
  5 dart slugs
  10 orcs
  9 endoplasms
  7 giant cockroaches
  12 goblins
  6 hobgoblins
  10 jackals
  6 kobolds
  3 quokkas
  5 ball pythons
  6 bats
  3 frilled lizards
  12 rats
117 creatures vanquished.

Notes
Turn   | Place    | Note
-------+----------+-------------------------------------------
     0 | D:1      | quokkamancerX the Hill Orc Berserker began the quest for
                  | the Orb.
     0 | D:1      | Reached XP level 1. HP: 19/19 MP: 1/1
   264 | D:1      | Reached XP level 2. HP: 17/27 MP: 2/2
   643 | D:1      | Reached XP level 3. HP: 31/34 MP: 3/3
   754 | D:1      | Reached skill level 5 in Axes
  1051 | D:1      | Reached ** piety under Trog
  1453 | D:2      | Reached XP level 4. HP: 41/41 MP: 4/4
  1554 | D:2      | Reached skill level 5 in Fighting
  2082 | D:2      | Found a faded altar of an unknown god.
  2113 | D:2      | Found a runed translucent door.
  2114 | D:2      | Noticed Crazy Yiuf
  2123 | D:2      | Killed Crazy Yiuf
  2124 | D:2      | Reached skill level 6 in Axes
  2124 | D:2      | Reached XP level 5. HP: 44/48 MP: 5/5
  2238 | D:2      | Found a snail-covered altar of Cheibriados.
  2268 | D:2      | Reached *** piety under Trog
  2840 | D:3      | Reached XP level 6. HP: 52/57 MP: 6/6
  3001 | D:3      | Noticed an ice beast
  3021 | D:3      | Killed an ice beast
  3022 | D:3      | Reached skill level 7 in Axes
  3817 | D:4      | Reached XP level 7. HP: 64/66 MP: 7/7
  3881 | D:4      | Identified the +6 short sword "Hill Orc's Peril" {vamp,
                  | Contam rN+++ rCorr Int-5}
  4062 | D:4      | Found a roughly hewn altar of Beogh.
  4079 | D:4      | Reached skill level 8 in Axes
  4348 | D:4      | HP: 3/96 [poisoned by an orc]
  4349 | D:4      | HP: 1/97 [poisoned by an orc]
  4350 | D:4      | Succumbed to an orc's poison

Illustrated notes

Levels and vault maps discovered:
D:1:      dpeg_arrival_ratfight, layout_rooms
D:2:      layout_loops_ring, basic_altar,
          hellmonk_ecumenical_altar_inner_sanctum, uniq_crazy_yiuf_cottage
D:3:      layout_loops_ring
D:4:      minmay_angry_zag, layout_basic, kennysheep_orc_chapel

Skill      XL: |  1  2  3  4  5  6  7 |
---------------+----------------------+-----
Fighting       | 4 5 6 7 |  7.5
Axes           | 5 6 7 8 |  8.2
Armour         | |  2.1
Dodging        | |  1.5

Action                   |  1- 3 |  4- 6 |  7- 9 || total
-------------------------+-------+-------+-------++-------
Melee: Hand axe          |    14 |       |       ||    14
       Dagger            |   105 |   205 |    49 ||   359
       Punch             |       |     1 |       ||     1
       War axe           |       |     4 |       ||     4
Invok: Berserk           |     1 |     2 |     2 ||     5
       Trog's Hand       |       |       |     1 ||     1
  Use: Scroll            |       |     5 |     1 ||     6
Armor: Animal skin       |    22 |       |       ||    22
       Chain mail        |    11 |   141 |    56 ||   208
Dodge: Dodged            |    74 |    80 |    28 ||   182

Table legend: (Time is in decaauts)
 A = Elapsed time spent in this place.
 B = Non-inter-level travel time spent in this place.
 C = Inter-level travel time spent in this place.
 D = Time resting spent in this place.
 E = Time spent auto-exploring this place.
 F = Levels seen in this place.
 G = Mean time per level.
                   A        B        C        D        E       F      G
               +--------+--------+--------+--------+--------+-----+--------+
         Total |   4395 |   4278 |    117 |   1796 |   1364 |   4 | 1098.8 |
       Dungeon |   4395 |   4278 |    117 |   1796 |   1364 |   4 | 1098.8 |
               +--------+--------+--------+--------+--------+-----+--------+

Top non-repeatable levels by time:
     D:1: 1449 daAuts
     D:3: 1221 daAuts
     D:2: 1171 daAuts
     D:4: 553 daAuts
